 Dungeon Crawl Stone Soup version 0.25-a0-290-g4a1327ee3a (webtiles) character file.

Game seed: 17057371545012437640, levelgen mode: deterministic

58 night the Conjurer (level 3, -2/24 HPs)
             Began as a Demonspawn Conjurer on Dec 14, 2019.
             Slain by a worker ant (8 damage)
             ... on level 2 of the Dungeon.
             The game lasted 00:04:42 (1570 turns).

night the Conjurer (Demonspawn Conjurer)            Turns: 1570, Time: 00:04:42

Health: -2/24      AC:  4    Str:  8    XL:     3   Next: 75%
Magic:  0/7        EV: 12    Int: 17    God:
Gold:   73         SH:  0    Dex: 13    Spells: 2/8 levels left

rFire    . . .     SeeInvis .   b - +0 short sword
rCold    . . .     Gourm    .   (no shield)
rNeg     . . .     Faith    .   a - +0 robe
rPois    .         Spirit   .   (no helmet)
rElec    .         Reflect  .   (no cloak)
rCorr    .         Harm     .   (no gloves)
MR       .....                  (no boots)
Stlth    ++........             (no amulet)
HPRegen  0.08/turn              (no ring)
MPRegen  0.10/turn              (no ring)

@: lethally poisoned (-2 -> -21)
A: thin metallic scales 1
a: no special abilities


You were on level 2 of the Dungeon.
You were not hungry.

You visited 1 branch of the dungeon, and saw 2 of its levels.

You collected 73 gold pieces.

Inventory:

Hand Weapons
 b - a +0 short sword (weapon)
Missiles
 e - 9 poisoned darts (quivered)
Armour
 a - a +0 robe (worn)
 d - a +0 pair of boots
Scrolls
 f - a scroll of fear {unknown}
 g - a scroll of enchant weapon {unknown}
 h - a scroll of remove curse {unknown}
 i - 2 scrolls of identify {unknown}
Potions
 j - a potion of degeneration {unknown}
 l - a potion of curing
Comestibles
 c - 6 rations
 k - 2 chunks of flesh


   Skills:
 - Level 1.7 Dodging
 - Level 1.7 Stealth
 + Level 3.0 Spellcasting
 + Level 4.8 Conjurations


You had 2 spell levels left.
You knew the following spells:

 Your Spells              Type           Power        Failure   Level  Hunger
a - Magic Dart            Conj           ###.         2%          1    None
b - Searing Ray           Conj           ###...       3%          2    ##.....
c - Dazzling Flash        Conj/Hex       ##....       19%         3    ###....

Your spell library contained the following spells:

 Spells                   Type           Power        Failure   Level  Hunger
 Fulminant Prism          Conj/Hex       ##........   54%         4    ####...
 Iskenderun's Mystic Bla  Conj/Tloc      ##......     54%         4    ####...


Dungeon Overview and Level Annotations

Branches:
Dungeon (2/15)

Altars:


Innate Abilities, Weirdness & Mutations

You are partially covered in thin metallic scales. (AC +2)


Message History

The worker ant is moderately wounded. (Press . to maintain the ray.)
You feel sick. The worker ant completely misses you.
The searing ray hits the worker ant.
The worker ant is heavily wounded.
You feel sick. The worker ant closely misses you.
The searing ray hits the worker ant!
The worker ant is almost dead.
You feel sick. The worker ant barely misses you.
You hit the worker ant but do no damage.
The worker ant is almost dead.
You feel sick. The worker ant bites you!
* * * LOW HITPOINT WARNING * * *
You are more poisoned.
The worker ant poisons you! The worker ant misses you.
You barely miss the worker ant.
The worker ant is almost dead.
* * * LOW HITPOINT WARNING * * *
You feel sick. The worker ant bites you!
You die...

#. .. .# #.. #.
..######. ## ....%..
#. %.>.> ..######. ...
... ......... #....
#a## #.######.
....†##@.# # # # ##.
#......###.###.#####..
###.#....#............
#.........#####....#
###).##..#.....##..##
#...........##.....#
#.......###....#††.##
...###†......#
####...#...
#.......##### #...#.#.


You could see a worker ant.

Vanquished Creatures
  An adder (D:1)
  An ooze (D:1)
  A worm (D:2)
  2 leopard geckos
  6 bats
  4 giant cockroaches
  4 goblins
  5 hobgoblins
  3 jackals (D:2)
  3 kobolds
  2 frilled lizards (D:1)
  5 rats
37 creatures vanquished.

Notes
Turn   | Place    | Note
-------+----------+-------------------------------------------
     0 | D:1      | night the Demonspawn Conjurer began the quest for the Orb.
     0 | D:1      | Reached XP level 1. HP: 13/13 MP: 3/3
   253 | D:1      | Gained mutation: You are partially covered in thin metallic
                  | scales. (AC +2) [demonic ancestry]
   253 | D:1      | Reached XP level 2. HP: 19/19 MP: 0/5
   962 | D:1      | Learned a level 2 spell: Searing Ray
  1051 | D:2      | Reached XP level 3. HP: 24/24 MP: 4/7
  1446 | D:1      | Learned a level 3 spell: Dazzling Flash
  1570 | D:2      | Slain by a worker ant

Levels and vault maps discovered:
D:1:      dpeg_arrival_arbitrary_b, layout_basic, st_stairs_5
D:2:      layout_rooms, first_ration, minmay_box_of_dots

Skill      XL: |  1  2  3 |
---------------+----------+-----
Spellcasting   | 3 |  3.0
Dodging        | |  1.7
Stealth        | |  1.7
Conjurations   | |  4.8

Action                   || total
-------------------------++-------
Melee: Short sword       ||    35
 Cast: Magic Dart        ||    77
       Searing Ray       ||     5
  Use: Potion            ||     1
  Eat: Chunk             ||     3
Armor: Robe              ||    20
Dodge: Dodged            ||    42

Table legend:
 A = Non-vault XP
 B = Vault XP
 C = Vault XP percentage of total XP
 D = Non-vault monster count
 E = Vault monster count
 F = Vault count percentage of total count
                 A         B        C        D         E       F
            +---------+---------+-------+---------+---------+-------
      Total |      82 |       1 |   1.2 |      36 |       1 |   2.7
            +---------+---------+-------+---------+---------+-------
        D:1 |      52 |       1 |   1.9 |      21 |       1 |   4.5
        D:2 |      30 |       0 |   0.0 |      15 |       0 |   0.0
            +---------+---------+-------+---------+---------+-------
